 Dungeon Crawl Stone Soup version 0.23-a0-94-g44dc95e (webtiles) character file.

41 GrunderHorse the Sneak (level 3, -2/27 HPs)
             Began as a Vampire Assassin on Aug 16, 2018.
             Slain by a centaur (6 damage)
             ... on level 2 of the Dungeon.
             The game lasted 00:01:55 (1008 turns).

GrunderHorse the Sneak (Vampire Assassin)           Turns: 1008, Time: 00:01:56

Health: -2/27      AC:  3    Str: 10    XL:     3   Next: 32%
Magic:  3/3        EV: 13    Int: 13    God:
Gold:   33         SH:  0    Dex: 16    Spells: 2/2 levels left

rFire    . . .     SeeInvis +   a - +2 dagger
rCold    . . .     Gourm    .   (no shield)
rNeg     + . .     Faith    .   c - +0 robe
rPois    .         Spirit   .   (no helmet)
rElec    .         Reflect  .   d - +0 cloak
rCorr    .         Harm     .   (no gloves)
MR       .....                  (no boots)
Stlth    ++++......             (no amulet)
HPRegen  0.09/turn              (no ring)
MPRegen  0.08/turn              (no ring)

@: very slightly contaminated, invisible
A: fangs 3, see invisible, unbreathing
a: Bat Form


You were on level 2 of the Dungeon.
You were not thirsty.

You visited 1 branch of the dungeon, and saw 2 of its levels.

You collected 33 gold pieces.

Inventory:

Hand Weapons
 a - a +2 dagger (weapon)
 b - a +0 blowgun
Missiles
 e - 19 poisoned needles
 f - 2 curare-tipped needles
Armour
 c - a +0 robe (worn)
 d - a +0 cloak (worn)
Jewellery
 k - a +2 ring of slaying {unknown}
Scrolls
 h - a scroll of identify {unknown}
 i - a scroll of remove curse {unknown}
 j - 2 scrolls of enchant armour {unknown}
 l - a scroll of random uselessness {unknown}
Potions
 g - 10 potions of blood
 n - a potion of brilliance {unknown}
 o - a potion of agility {unknown}


   Skills:
 - Level 1.7 Fighting
 + Level 2.8 Short Blades
 - Level 1.5 Throwing
 + Level 2.0 Dodging
 * Level 6.9 Stealth


You had 2 spell levels left.
You didn't know any spells.
Your spell library was empty.

Dungeon Overview and Level Annotations

Branches:
Dungeon (2/15)

Altars:
The Shining One


Innate Abilities, Weirdness & Mutations

You have razor-sharp teeth.
You have supernaturally acute eyesight. (SInv)
You can survive without breathing.


Message History

You hit the centaur but do no damage. You bite the centaur, but do no damage.
The centaur is lightly wounded.
You catch the helpless centaur completely off-guard!
You puncture the centaur!
The centaur is severely wounded.
The centaur wields an uncursed shortbow.
The centaur shoots an arrow.
The arrow completely misses you.
You hit the centaur but do no damage.
The centaur is severely wounded.
The centaur unwields an uncursed shortbow.
The centaur hits you.
You hit the centaur.
The centaur is severely wounded.
The centaur barely misses you. The centaur hits you.
* * * LOW HITPOINT WARNING * * *
Found a ration.
You hit the centaur.
The centaur is almost dead.
The centaur hits you.
You die...

....##...##
†...÷.....##.
...........#.#
..........##.#
....##...###.#
...####.## #.# #.## #.#
#.### #
#.#####.####.#(###.####.
#......<......#(@c.....%
######.(.....###.$......
............#..######.
#..##......##...# #.
#.#.######..# . #.#.#
#..# #.#.# ..... #.#.#
###### #. #.##


You could see a centaur.

Vanquished Creatures
  An ooze (D:2)
  A worm (D:2)
  A leopard gecko (D:1)
  2 giant cockroaches
  9 hobgoblins
  5 bats
  A frilled lizard (D:2)
  5 goblins
  2 kobolds (D:1)
  4 rats (D:1)
31 creatures vanquished.

Notes
Turn   | Place    | Note
-------+----------+-------------------------------------------
     0 | D:1      | GrunderHorse the Vampire Assassin began the quest for the Orb.
     0 | D:1      | Reached XP level 1. HP: 16/16 MP: 1/1
    49 | D:1      | Reached skill level 6 in Stealth
   133 | D:1      | Reached XP level 2. HP: 13/22 MP: 2/2
   811 | D:2      | Reached XP level 3. HP: 27/27 MP: 3/3
   911 | D:2      | Found a glowing golden altar of the Shining One.
   993 | D:2      | Noticed a centaur
  1008 | D:2      | Slain by a centaur

Vault maps used:
D:1:      matt_arrival_los_fun
D:2:      nicolae_overflow_hidden_temple, first_ration

Skill      XL: |  1  2  3 |
---------------+----------+-----
Stealth        | 6 |  6.9
Dodging        | 2 |  2.0
Fighting       | |  1.7
Short Blades   | |  2.8
Throwing       | |  1.5

Action                   || total
-------------------------++-------
Melee: Dagger            ||    89
       Bite              ||     9
  Use: Potion            ||     1
 Stab: Sleeping          ||     7
       Invisible         ||     1
Armor: Robe              ||    15
Dodge: Dodged            ||    38

Table legend:
 A = Non-vault XP
 B = Vault XP
 C = Vault XP percentage of total XP
 D = Non-vault monster count
 E = Vault monster count
 F = Vault count percentage of total count
 G = Total turns spent on level
                 A         B        C        D         E       F
            +---------+---------+-------+---------+---------+-------
      Total |      59 |       0 |   0.0 |      31 |       0 |   0.0
            +---------+---------+-------+---------+---------+-------
        D:1 |      35 |       0 |   0.0 |      22 |       0 |   0.0
        D:2 |      24 |       0 |   0.0 |       9 |       0 |   0.0
            +---------+---------+-------+---------+---------+-------
